Unix NetHack Version 5.0.0-0 post-release - last build May  4 2026 22:22:43 (774f63e81ad911689b3a0859ea89b322d5daca8d,branch:main).

Game began 2026-05-06 03:06:46, ended 2026-05-06 03:33:35.

01246791210, neutral male human Barbarian

                        -------         --------------
                        |.....|         |....<........#
                        |.....|         |^....q@.....|#
                        |.....|         |..e.........|#
                        |.^....#        |...........F|#
                        --.--.-#        -------.------#
                        ###  # #               #      #
                        # #### ##              #      #
                        ###     ##             %      #
                      ####       #      ########    ###
                      # #        #------|----       #------
                      # #        #|)).|.....|       #|....|
  --------          --.-.---     #|)).|.--|--       #|....|
  |......-#         |......|     #|)[.-.|...|       #|....|
  |......|         #-......|     #|----.|[[[|       #|....|
  |.[....|    ######|......|     #......|[[[|       #.....|
  |.)..).-#####     |....{.|      -----------        ------
  --------          --------

01246791210 the Pillager   St:18 Dx:17 Co:18 In:7 Wi:8 Ch:7  Neutral
Dlvl:4  $:62 HP:0(56) Pw:10(10) AC:7  Xp:5 T:2614 

Latest messages:
 In what direction? 6
 Ouch!  That hurts!
 In what direction? 2
 Ouch!  That hurts!
 In what direction? 4
 Ouch!  That hurts!
 In what direction? 4
 Ouch!  That hurts!
 Your leg feels better.
 Your monkey corpse rots away.
 You miss the rothe.
 The rothe just misses!
 The rothe bites!
 The rothe bites again!
 You smite the rothe!
 The rothe hits!
 The rothe bites!
 The rothe bites again!
 You kill the rothe!
 You see here a rothe corpse.
 You have a little trouble lifting a rothe corpse.  Continue? [ynq] (q) n
 The rothe hits!
 The rothe misses!
 The rothe bites!
 The paper golem hits!
 The rothe misses!
 The rothe bites!
 The rothe bites again!
 The paper golem hits!
 The rothe hits!
 The rothe bites!
 The rothe bites again!
 The paper golem hits!
 Your newt corpse rots away.
 You smite the paper golem!
 The paper golem hits!
 You destroy the paper golem!
 The rothe hits!
 The rothe just misses!
 The rothe bites!
 You see here an unlabeled scroll.
 The rothe hits!
 The rothe bites!
 The rothe bites again!
 You die...
 Do you want your possessions identified? [ynq] (y) n
 Do you want to see your attributes? [ynq] (y) n
 Do you want an account of creatures vanquished? [ynaq] (y) n
 Do you want to see your conduct and achievements? [ynq] (y) n
 Do you want to see the dungeon overview? [ynq] (y) n

Inventory:
 Coins    ('$')
  $ - 62 gold pieces
 Weapons  (')')
  k - a cursed +2 spear
  a - a very rusty +0 battle-axe (weapon in hands)
  y - a +0 scimitar
  b - a blessed +0 short sword (alternate weapon; not wielded)
 Armor    ('[')
  i - an uncursed +0 orcish helm
  A - an uncursed +0 orcish helm
  c - an uncursed +0 ring mail (being worn)
 Comestibles  ('%')
  t - 2 uncursed eggs
 Scrolls  ('?')
  p - an uncursed scroll of light
  n - an uncursed scroll of punishment
  g - an uncursed scroll of scare monster
 Potions  ('!')
  x - a cursed potion of fruit juice
  q - an uncursed potion of hallucination
  e - a cursed potion of hallucination
  z - an uncursed potion of paralysis
 Rings    ('=')
  l - a cursed -2 ring of increase accuracy
 Wands    ('/')
  w - a wand of undead turning (0:7)
 Tools    ('(')
  f - an uncursed skeleton key
  u - a cursed skeleton key

01246791210 the Barbarian's attributes:

Background:
 You were a Pillager, a level 5 male human Barbarian.
 You were neutral, nominally on a mission for Crom
 who was opposed by Mitra (lawful) and Set (chaotic).
 You were right-handed.
 You were in the Dungeons of Doom, on level 4.
 You entered the dungeon 2614 turns ago.
 It was nighttime.
 You had 175 experience points, 145 more were needed to attain level 6.

Basics:
 You had 0 out of 56 hit points.
 You had all 10 energy points (spell power).
 Your armor class was 7.
 Your wallet contained 62 zorkmids.
 Autopickup was off.

Final Characteristics:
 Your strength was 18 (limit:18/100).
 Your dexterity was 17 (limit:18).
 Your constitution was 18 (limit:18).
 Your intelligence was 7 (limit:18).
 Your wisdom was 8 (limit:18).
 Your charisma was 7 (limit:18).

Final Status:
 You weren't hungry.
 You were unencumbered.
 You were wielding an axe.
 You had basic skill with axe.

Final Attributes:
 You were piously aligned.
 You were poison resistant.
 You were warded.
 You are dead.

Miscellaneous:
 You didn't encounter any bones levels.
 Total elapsed playing time was 26 minutes and 49 seconds.

Major events:
 Turn
    1: 01246791210 the neutral male human Barbarian entered the dungeon
 1164: attained the rank of Pillager (level 3)
 2614: killed by a rothe

You didn't know any spells.

Skills:
 Fighting Skills
   bare handed combat [Basic]
   two weapon combat  [Unskilled]
   riding             [Unskilled]
 Weapon Skills
   dagger             [Unskilled]
   axe                [Basic]
   pick-axe           [Unskilled]
   short sword        [Basic]
   broadsword         [Unskilled]
   long sword         [Unskilled]
   two-handed sword   [Unskilled]
   saber              [Unskilled]
   club               [Unskilled]
   mace               [Unskilled]
   morning star       [Unskilled]
   flail              [Unskilled]
   hammer             [Unskilled]
   quarterstaff       [Unskilled]
   spear              [Unskilled]
   trident            [Unskilled]
   bow                [Unskilled]
 Spellcasting Skills
   attack spells      [Unskilled]
   escape spells      [Unskilled]

Voluntary challenges:
 Character rerolling was not enabled.
 You were an atheist.
 You were illiterate.
 You never genocided any monsters.
 You never polymorphed an object.
 You never changed form.
 You used no wishes.
Achievements:
 You entered a shop.
 You attained the rank of Pillager.

 The Dungeons of Doom: levels 1 to 4
    Level 1:
    Level 2:
       A ring shop, a fountain.
    Level 3:
       Many fountains.
    Level 4: <- You were here.
       Some shops, a fountain.
       Final resting place for
          you, killed by a rothe.


Vanquished creatures:
  a paper golem
  a giant ant
  a homunculus
  5 hill orcs
  3 rothes
  a monkey
  2 iguanas
  a large kobold
  a garter snake
  a gnome zombie
  6 jackals
  3 foxes
  a kobold
  a goblin
  a sewer rat
  5 grid bugs
  3 lichens
  6 newts
43 creatures vanquished.

No species were genocided or became extinct.

Game over:
                       ----------
                      /          \
                     /    REST    \
                    /      IN      \
                   /     PEACE      \
                  /                  \
                  |   01246791210    |
                  |      62 Au       |
                  |   killed by a    |
                  |      rothe       |
                  |                  |
                  |                  |
                  |       2026       |
                 *|     *  *  *      | *
        _________)/\\_//(\/(/\)/\//\/|_)_______

Goodbye 01246791210 the Barbarian...

You died in The Dungeons of Doom on dungeon level 4 with 906 points,
and 62 pieces of gold, after 2614 moves.
You were level 5 with a maximum of 56 hit points when you died.

